 Dungeon Crawl Stone Soup version 0.18-a0-1060-g4fac74f (webtiles) character file.

2459 gorblad the Fighter (level 9, -7/47 HPs)
             Began as a Felid Berserker on Jan 13, 2016.
             Was a High Priest of Trog.
             Mangled by an orc warrior
             ... wielding a +0 scimitar
              (18 damage)
             ... on level 7 of the Dungeon.
             The game lasted 00:15:20 (7786 turns).

gorblad the Fighter (Felid Berserker)               Turns: 7786, Time: 00:15:21

Health: -7/47      AC:  5    Str: 18    XL:     9   Next: 26%
Magic:  10/10      EV: 25    Int:  8    God:    Trog [*****.]
Gold:   373        SH:  0    Dex: 17    Spells: 0 memorised, 8 levels left
                                        Lives:  0   Deaths: 2

rFire  . . .     SeeInvis +       - Unarmed
rCold  . . .     Gourm    .     (armour unavailable)
rNeg   . . .     Faith    .     (shield unavailable)
rPois  .         Spirit   .     (helmet unavailable)
rElec  .         Dismiss  +     (cloak unavailable)
rCorr  .         Reflect  .     (gloves unavailable)
SustAt .         Harm     .     (boots unavailable)
MR     +....                    r - amulet of dismissal
Stlth  +++++.....               g - +3 ring of strength
                                f - +3 ring of protection

@: quick, somewhat resistant to hostile enchantments, quite stealthy
A: no armour, no weapons or thrown items, claws 1, fangs 3, see invisible,
carnivore 3, speed 1, shaggy fur 2, slow metabolism 1, sharp paws
a: Berserk, Trog's Hand, Brothers in Arms, Burn Spellbooks, Renounce Religion


You were on level 7 of the Dungeon.
You worshipped Trog.
Trog was extremely pleased with you.
You were completely stuffed.

You visited 1 branch of the dungeon, and saw 7 of its levels.
You also visited: Sewer.

You collected 373 gold pieces.

Inventory:

Jewellery
 f - a +3 ring of protection (left paw)
 g - a +3 ring of strength (right paw)
 r - an amulet of dismissal (around neck)
Wands
 b - a wand of slowing (22/48)
 j - a wand of frost (27/48)
 l - a wand of invisibility (8/9)
 n - a wand of cold (2/15)
Scrolls
 h - 2 scrolls of enchant armour
 k - a scroll of teleportation
 m - a scroll of remove curse
 u - 2 scrolls of identify
 v - a scroll of noise {unknown}
Potions
 e - 2 potions of brilliance
 i - 3 potions of agility
 q - a potion of mutation
 w - 2 potions of resistance
Books
 s - a book of Clouds

   Spells                             Type                      Level
   a - Mephitic Cloud                 Conjuration/Poison/Air       3
   b - Conjure Flame                  Conjuration/Fire             3
   c - Poisonous Cloud                Conjuration/Poison/Air       6
   d - Freezing Cloud                 Conjuration/Ice/Air          6
   e - Ring of Flames                 Charms/Fire                  7
   Trog disapproves of the use of such an item.
Comestibles
 a - 4 meat rations
 d - a beef jerky
 o - 2 slices of pizza
 t - 6 chunks of flesh


   Skills:
 - Level 10.6 Fighting
 - Level 9.4 Dodging
 + Level 7.2 Stealth
 - Level 3.0 Unarmed Combat


You had 8 spell levels left.
You didn't know any spells.

Dungeon Overview and Level Annotations

Branches:
Dungeon (7/15)             Temple (0/1) D:4

Altars:
Nemelex Xobeh
Okawaru
Ru
Yredelemnul

Annotations:
D:6 Prince Ribbit


Innate Abilities, Weirdness & Mutations

You cannot wear armour.
You are incapable of wielding weapons or throwing items.
You have sharp claws.
You have razor-sharp teeth.
You have supernaturally acute eyesight.
You are carnivorous and can eat meat at any time.
You cover ground quickly.
You are covered in thick fur (AC +2).
You have a slow metabolism.
Your sharp claws are effective at attacking unaware monsters.


Message History

* * * LOW HITPOINT WARNING * * *
You scratch the orc warrior but do no damage.
The orc warrior is heavily wounded.
The orc warrior misses you.
You scratch the orc warrior.
The orc warrior is heavily wounded.
The orc warrior closely misses you.
You scratch the orc warrior but do no damage.
You bite the orc warrior, but do no damage.
The orc warrior is heavily wounded.
You scratch the orc warrior but do no damage.
The orc warrior is heavily wounded.
The orc warrior misses you.
You scratch the orc warrior but do no damage.
The orc warrior is heavily wounded.
The orc warrior misses you.
You scratch the orc warrior but do no damage.
The orc warrior is heavily wounded.
The orc warrior hits you with a scimitar!!
You die...

#..........#####..#.........+)...
############ #....#.........##.##
# #....'.............# #
#....#..........#... #
#.....#####.....#<.. # #.....##
#....##.## # #......# ##+####.##
###################.#####......##
................@o.......>#######
###################.##.##.# .
#)##.##.# # #.##.##.# ###
#..#.##.# . ... ##.#.##.#
######.... ....###...##.#
...^...... ..........##.#
.########.... ....###.###.#


You could see an orc warrior.

Vanquished Creatures
  Grinder (D:3)
  Sigmund (D:2)
  2 hippogriffs (D:7)
  Edmund (D:4)
  Duvessa (D:4)
  A water moccasin (D:5)
  Purgy (Sewer)
  An ice beast (D:7)
  A necrophage (D:4)
  A black bear (D:7)
  2 centaurs
  An ogre (D:3)
  4 giant frogs
  Dowan (D:4)
  3 wights (D:6)
  3 crimson imps
  A giant frog zombie (D:7)
  2 hounds (D:6)
  Crazy Yiuf (D:2)
  An orc priest (D:3)
  A giant frog skeleton (D:5)
  3 worker ants
  Natasha (twice) (D:2)
  An iguana (D:6)
  4 orc wizards (D:3)
  Robin (D:4)
  8 gnolls
  15 adders
  A shadow imp (D:5)
  2 adder skeletons
  2 worms
  7 giant geckos
  22 orcs
  6 bats
  8 giant cockroaches
  2 gnoll zombies (D:7)
  13 goblins
  13 hobgoblins
  4 jackals
  2 quokkas
  3 giant newts
  14 kobolds
  A quokka skeleton (D:4)
  A quokka zombie (D:6)
  9 rats
175 creatures vanquished.

Notes
Turn   | Place    | Note
--------------------------------------------------------------
     0 | D:1      | gorblad the Felid Berserker began the quest for the Orb.
     0 | D:1      | Reached XP level 1. HP: 10/10 MP: 2/2
     9 | D:1      | Noticed an ogre
   417 | D:1      | Reached XP level 2. HP: 12/14 MP: 3/3
   518 | D:1      | Reached skill level 5 in Dodging
   936 | D:2      | Reached XP level 3. HP: 9/17 MP: 4/4
   955 | D:2      | Reached ** piety under Trog
  1176 | D:2      | Noticed Natasha
  1185 | D:2      | Killed Natasha
  1185 | D:2      | Reached skill level 6 in Dodging
  1386 | D:2      | Reached XP level 4. HP: 18/21 MP: 5/5
  1527 | D:2      | Noticed Natasha
  1534 | D:2      | Killed Natasha
  1534 | D:2      | Reached skill level 7 in Dodging
  1576 | D:2      | Found an iron altar of Okawaru.
  1650 | D:2      | Found a sacrificial altar of Ru.
  1689 | D:2      | Noticed Crazy Yiuf
  1698 | D:2      | Slain by Crazy Yiuf
  1699 | D:2      | Reached XP level 3. HP: -2/25 MP: 4/4
  1728 | D:2      | Killed Crazy Yiuf
  1728 | D:2      | Reached XP level 4. HP: 21/21 MP: 5/5
  1950 | D:2      | Noticed Sigmund
  1960 | D:2      | Killed Sigmund
  1960 | D:2      | Reached skill level 9 in Dodging
  1960 | D:2      | Reached XP level 5. HP: 24/24 MP: 6/6
  2240 | D:3      | Gained mutation: You are covered in thick fur (AC +2). [Felid growth]
  2240 | D:3      | Reached XP level 6. HP: 18/28 MP: 7/7
  2535 | D:3      | Reached *** piety under Trog
  2675 | D:3      | Noticed Grinder
  2713 | D:3      | Paralysed by Grinder for 7 turns
  2725 | D:3      | Killed Grinder
  2725 | D:3      | Reached skill level 5 in Fighting
  2725 | D:3      | Reached XP level 7. HP: 12/33 MP: 8/8
  3657 | D:4      | HP: 1/34 [water moccasin (9)]
  3658 | D:4      | Succumbed to a water moccasin's poison
  3659 | D:4      | Reached XP level 6. HP: 0/46 MP: 7/7
  3672 | D:4      | Noticed Duvessa
  3672 | D:4      | Noticed Dowan
  3694 | D:4      | Killed Duvessa
  3704 | D:4      | Reached XP level 7. HP: 35/35 MP: 8/8
  3710 | D:4      | Killed Dowan
  3808 | D:4      | Noticed Robin
  3813 | D:4      | Reached **** piety under Trog
  3824 | D:4      | Killed Robin
  3880 | D:4      | Noticed Edmund
  3901 | D:4      | Killed Edmund
  4350 | D:4      | Found a staircase to the Ecumenical Temple.
  4497 | D:5      | Entered Level 5 of the Dungeon
  5300 | D:5      | Reached XP level 8. HP: 34/40 MP: 9/9
  5498 | D:6      | Found a glowing drain.
  5536 | Sewer    | Entered a sewer
  5545 | Sewer    | Noticed Purgy
  5557 | Sewer    | Killed Purgy
  5678 | Sewer    | Identified a scroll of acquirement
  5928 | D:6      | Noticed Prince Ribbit
  6029 | D:6      | Reached skill level 10 in Fighting
  6611 | D:7      | Reached ***** piety under Trog
  6951 | D:7      | Reached skill level 1 in Stealth
  7018 | D:7      | Reached XP level 9. HP: 29/47 MP: 10/10
  7161 | D:7      | Reached skill level 5 in Stealth
  7419 | D:7      | Found a sparkling altar of Nemelex Xobeh.
  7602 | D:7      | Found a basalt altar of Yredelemnul.
  7786 | D:7      | Mangled by an orc warrior

Vault maps used:
D:1:      evilmike_arrival_come_back
D:2:      overflow_temple_1_default, first_bread, okawaru_trees_1, uniq_natasha,
          uniq_crazy_yiuf_cottage, uniq_sigmund
D:3:      uniq_grinder
D:4:      minmay_temple_entry_nine_rooms, guppyfry_early_lair_pool,
          uniq_duvessa, uniq_edmund, uniq_robin
D:6:      portal_sewer_entry_f, uniq_prince_ribbit1
D:7:      lemuel_zombie_altar_yredelemnul, the_bakery,
          nemelex_xobeh_ov_fountains_minmay
Sewer:    kennysheep_door_sewer

Action                   |  1- 3 |  4- 6 |  7- 9 || total
-------------------------+-------+-------+-------++-------
Melee: Unarmed           |    94 |   156 |   552 ||   802
Invok: Berserk           |     1 |     3 |     3 ||     7
       Trog's Hand       |       |       |     2 ||     2
  Use: Scroll            |     1 |     2 |    12 ||    15
       Potion            |       |     2 |     5 ||     7
 Stab: Sleeping          |     3 |       |     6 ||     9
       Distracted        |       |       |     1 ||     1
  Eat: Chunk             |     8 |    11 |    20 ||    39
